 Dungeon Crawl Stone Soup version 0.28-a0-723-g095bd1b44f (webtiles) character file.

Game seed: 4550548273196965516

0 meatgazer the Skirmisher (level 1, -16/19 HPs)
             Began as a Draconian Abyssal Knight on Oct 25, 2021.
             Was a Follower of Lugonu.
             Demolished by an Executioner (27 damage)
             ... on level 1 of the Abyss.
             The game lasted 00:00:35 (157 turns).

meatgazer the Skirmisher (Draconian Abyssal Knight)  Turns: 157, Time: 00:00:36

Health: -16/19     AC:  4    Str: 15    XL:     1   Next: 0%
Magic:  2/2        EV: 12    Int: 10    God:    Lugonu [*.....]
Gold:   31         SH:  0    Dex: 11    Spells: 0/0 levels left

rFire   . . .      SeeInvis .   a - +1 spear
rCold   . . .      Faith    .   (no shield)
rNeg    . . .      Spirit   .   (armour unavailable)
rPois   .          Reflect  .   (helmet restricted)
rElec   .          Harm     .   (no cloak)
rCorr   .          Rampage  .   (no gloves)
Will    .....                   (no boots)
Stlth   +.........              (no amulet)
HPRegen 0.06/turn               (no ring)
MPRegen 0.08/turn               (no ring)

@: no status effects
A: AC +4, unfitting armour, cold-blooded
a: Renounce Religion, Depart the Abyss


You were on level 1 of the Abyss.
You worshipped Lugonu.
Lugonu was aware of your devotion.
You visited 0 branches of the dungeon, and saw 0 of its levels.
You visited the Abyss 1 time.

You collected 31 gold pieces.

Inventory:

Hand Weapons
 a - a +1 spear (weapon)
Jewellery
 b - a +6 ring of strength


   Skills:
 + Level 3.2 Fighting
 + Level 2.0 Polearms
 + Level 2.1 Dodging
 + Level 2.0 Invocations


You couldn't memorise any spells.
You didn't know any spells.
Your spell library was empty.

Dungeon Overview and Level Annotations

Branches:
Dungeon (0/15)

Altars:


Innate Abilities, Weirdness & Mutations

Your plain brown scales are hard. (AC +4)
You cannot fit into any form of body armour.
You are cold-blooded and may be slowed by cold attacks.


Message History

The spatial vortex moves out of view.
A quasit comes into view.
A spatial maelstrom comes into view.
A spatial vortex comes into view.
A spatial vortex comes into view.
Found 2 gold pieces.
You now have 2 gold pieces.
Found 17 gold pieces.
Found 6 gold pieces.
A tentacled starspawn comes into view.
Tentacles burst from the starspawn's body! 2 starspawn tentacles come into view.
You see here 17 gold pieces.
You now have 19 gold pieces (gained 17).
The starspawn tentacle closely misses you.
Found 12 gold pieces.
A tentacle flies out from the starspawn's body!
A starspawn tentacle comes into view.
A tentacle flies out from the starspawn's body!
A starspawn tentacle comes into view.
A starspawn tentacle comes into view.
The starspawn tentacle barely misses you.
The starspawn tentacle grabs you. The starspawn tentacle constricts you.
You see here 12 gold pieces.
You now have 31 gold pieces (gained 12).
The starspawn tentacle loses its grip on you.
The tentacle pulls you backwards!
A starspawn tentacle comes into view.
The starspawn tentacle grabs you. The starspawn tentacle constricts you.
The starspawn tentacle's grasp on you weakens, but your attempt to escape fails.
The starspawn tentacle constricts you.
You escape the starspawn tentacle's grasp.
Found a gateway leading deeper into the Abyss.
Found 9 gold pieces.
A smoke demon comes into view.
An orange demon comes into view.
An Executioner comes into view.
The smoke demon roars!
The orange demon screeches!
The Executioner gives a hideous shriek!
The Executioner hits you!!
Ouch! That really hurt!
You die...

...##....#...##..#.
#.. #.......
#...3#. . .
##...####..#...#. .
.# #....##. #.#...#
#....#...#..#...#..
#.#.# .###..#.....#
..#......#..#...#
###..#.#. ##..#.#
##...### ##@1# # #.
##..>.# .# #..#...
#4.# # #..# #..#
#.. #.


You could see an Executioner, an orange demon and a smoke demon.

Vanquished Creatures (others)
  7 starspawn tentacles (Abyss:1)
7 creatures vanquished.

Notes
Turn   | Place    | Note
-------+----------+-------------------------------------------
     0 | Abyss:1  | meatgazer the Draconian Abyssal Knight began the quest for
                  | the Orb.
     0 | Abyss:1  | Reached XP level 1. HP: 19/19 MP: 2/2
    46 | Abyss:1  | Found a basalt altar of Yredelemnul.
    83 | Abyss:1  | Noticed an iron imp
    95 | Abyss:1  | Noticed a spatial vortex
    96 | Abyss:1  | Noticed a quasit
    96 | Abyss:1  | Noticed a spatial maelstrom
    96 | Abyss:1  | Noticed a spatial vortex
    97 | Abyss:1  | Noticed a spatial vortex
   131 | Abyss:1  | Noticed a tentacled starspawn
   155 | Abyss:1  | Noticed a smoke demon
   155 | Abyss:1  | Noticed an orange demon
   156 | Abyss:1  | Noticed an Executioner
   157 | Abyss:1  | Demolished by an Executioner

Illustrated notes

Levels and vault maps discovered:
Abyss:1:  base: Temple, base: Temple, evilmike_abyss_exit_1

Action                   || total
-------------------------++-------
Dodge: Dodged            ||     2

Table legend: (Time is in decaauts)
 A = Elapsed time spent in this place.
 B = Non-inter-level travel time spent in this place.
 C = Inter-level travel time spent in this place.
 D = Time resting spent in this place.
 E = Time spent auto-exploring this place.
 F = Levels seen in this place.
 G = Mean time per level.
                   A        B        C        D        E       F      G
               +--------+--------+--------+--------+--------+-----+--------+
         Total |    157 |    157 |      0 |      0 |     89 |   1 |  157.0 |
         Abyss |    157 |    157 |      0 |      0 |     89 |   1 |  157.0 |
               +--------+--------+--------+--------+--------+-----+--------+

Top non-repeatable levels by time:
 Abyss:1: 157 daAuts
